[ PARTIDA AOE2 · #474733390 ]
UnrankedMagiares vs Vikings
[ ANÁLISIS DE REPETICIÓN · EXTRAÍDO DE LA PARTIDA GRABADA ]
Feudal
11:37
Castillos
30:31
Imperial
—
| APM promedio | 29.4 |
| APM pico | 86 |
| eAPM promedio | 11.4 |
| Aldeanos / militares | 95 / 18 |
Foco
⚔️ 20.2% · 🌾 79.8%
Scout Cavalry ×13 · Magyar Huszar ×4 · Monk ×1
Feudal
—
Castillos
—
Imperial
—
| APM promedio | 32.8 |
| APM pico | 66 |
| eAPM promedio | 14.3 |
| Aldeanos / militares | 86 / 14 |
Foco
⚔️ 10.0% · 🌾 90.0%
Samurai ×14
Feudal
13:13
Castillos
23:01
Imperial
—
| APM promedio | 11.2 |
| APM pico | 50 |
| eAPM promedio | 6.3 |
| Aldeanos / militares | 70 / 10 |
Foco
⚔️ 16.0% · 🌾 84.0%
Spearman ×10
Feudal
11:34
Castillos
26:18
Imperial
38:31
| APM promedio | 28.1 |
| APM pico | 58 |
| eAPM promedio | 14.8 |
| Aldeanos / militares | 112 / 49 |
Foco
⚔️ 25.6% · 🌾 74.4%
Monaspa ×18 · Knight ×14 · Scout Cavalry ×8 · Cavalry Archer ×8 · Spearman ×1
Feudal
13:49
Castillos
24:24
Imperial
—
| APM promedio | 18.3 |
| APM pico | 59 |
| eAPM promedio | 8.5 |
| Aldeanos / militares | 54 / 19 |
Foco
⚔️ 17.4% · 🌾 82.6%
Spearman ×19
Feudal
12:33
Castillos
23:06
Imperial
28:20
| APM promedio | 19.5 |
| APM pico | 44 |
| eAPM promedio | 12.1 |
| Aldeanos / militares | 150 / 1 |
Foco
⚔️ 10.6% · 🌾 89.4%
Unknown (1952) ×34 · Monk ×1
Feudal
20:33
Castillos
—
Imperial
—
| APM promedio | 8.5 |
| APM pico | 36 |
| eAPM promedio | 4.3 |
| Aldeanos / militares | 43 / 0 |
Foco
⚔️ 11.7% · 🌾 88.3%
Feudal
9:18
Castillos
—
Imperial
—
| APM promedio | 4.6 |
| APM pico | 32 |
| eAPM promedio | 2.2 |
| Aldeanos / militares | 5 / 0 |
Foco
⚔️ 2.6% · 🌾 97.4%
Mapa de la partida
Recursos iniciales + cada clic de construcción. Líneas = muros · curvas = relieve. ◆ oro · ⬟ piedra · ● bayas · ✦ reliquia · ◌ hueco del cierre
Tu base· Abierta — flanco sin cerrar
Base de Tribal4468· Abierta — flanco sin cerrar
Base de ОлолоШа· ✓ Cerrada en 23:01 · 28t muro · sin puerta
Base de robynifft23· ✓ Cerrada en 26:18 · 34t muro · 4 puerta(s)
Base de Nazkort88· Abierta — hueco de 4t
Base de 3309723283· Abierta — flanco sin cerrar
Base de rv446799· Abierta — flanco sin cerrar
Base de 2535841191· Abierta — flanco sin cerrar
Terreno inicial suavizado · ◌ = hueco del cierre detectado · pasá el cursor para detalles
Inputs por minuto
— hexing809 - - Tribal4468
Build order — hexing809
Primeras 150 de 183 acciones detectadas
| 0:04 | Construir | House |
| 0:06 | Construir | House |
| 0:09 | Crear | Villager (Male) |
| 0:09 | Crear | Villager (Male) |
| 0:09 | Crear | Villager (Male) |
| 0:51 | Crear | Villager (Male) |
| 0:51 | Crear | Villager (Male) |
| 1:40 | Crear | Villager (Male) |
| 1:41 | Crear | Villager (Male) |
| 1:52 | Crear | Villager (Male) |
| 1:52 | Crear | Villager (Male) |
| 2:19 | Construir | Lumber Camp |
| 2:21 | Crear | Villager (Male) |
| 3:00 | Crear | Villager (Male) |
| 3:01 | Crear | Villager (Male) |
| 3:01 | Crear | Villager (Male) |
| 3:30 | Crear | Villager (Male) |
| 3:30 | Crear | Villager (Male) |
| 3:30 | Crear | Villager (Male) |
| 3:48 | Crear | Villager (Male) |
| 3:48 | Crear | Villager (Male) |
| 3:52 | Construir | House |
| 4:25 | Construir | Mill |
| 4:54 | Crear | Villager (Male) |
| 4:54 | Crear | Villager (Male) |
| 4:54 | Crear | Villager (Male) |
| 4:54 | Crear | Villager (Male) |
| 5:33 | Crear | Villager (Male) |
| 5:33 | Crear | Villager (Male) |
| 5:49 | Construir | House |
| 6:02 | Crear | Villager (Male) |
| 6:02 | Crear | Villager (Male) |
| 6:05 | Crear | Villager (Male) |
| 6:05 | Crear | Villager (Male) |
| 6:42 | Crear | Villager (Male) |
| 6:42 | Crear | Villager (Male) |
| 7:15 | Crear | Villager (Male) |
| 7:16 | Crear | Villager (Male) |
| 7:16 | Crear | Villager (Male) |
| 7:16 | Crear | Villager (Male) |
| 7:37 | Investigar | Loom |
| 8:46 | Construir | Barracks |
| 9:27 | Investigar | Feudal Age |
| 10:04 | Construir | Palisade Wall |
| 10:22 | Construir | Palisade Wall |
| 10:31 | Crear | Villager (Male) |
| 10:31 | Crear | Villager (Male) |
| 11:37 | Edad | Edad Feudal |
| 11:50 | Construir | Stable |
| 12:01 | Construir | Watch Tower |
| 12:24 | Construir | Mining Camp |
| 12:43 | Construir | House |
| 12:49 | Construir | House |
| 13:15 | Investigar | Double-Bit Axe |
| 13:16 | Investigar | Horse Collar |
| 13:27 | Construir | Mining Camp |
| 13:31 | Crear | Scout Cavalry |
| 13:36 | Crear | Scout Cavalry |
| 13:38 | Crear | Scout Cavalry |
| 13:38 | Crear | Scout Cavalry |
| 13:40 | Crear | Scout Cavalry |
| 14:42 | Construir | Market |
| 14:44 | Construir | Blacksmith |
| 15:03 | Construir | Mining Camp |
| 15:42 | Construir | House |
| 15:46 | Construir | House |
| 15:53 | Crear | Scout Cavalry |
| 15:53 | Crear | Scout Cavalry |
| 16:24 | Construir | House |
| 17:24 | Investigar | Bloodlines |
| 17:46 | Construir | Watch Tower |
| 17:58 | Crear | Scout Cavalry |
| 17:58 | Crear | Scout Cavalry |
| 18:09 | Construir | Farm |
| 18:20 | Construir | Farm |
| 18:20 | Construir | Farm |
| 18:21 | Construir | Farm |
| 18:21 | Construir | Farm |
| 18:21 | Construir | Farm |
| 18:21 | Construir | Farm |
| 18:21 | Construir | Farm |
| 18:22 | Construir | Farm |
| 18:22 | Construir | Farm |
| 18:22 | Construir | Farm |
| 19:04 | Construir | House |
| 19:42 | Crear | Scout Cavalry |
| 19:43 | Crear | Scout Cavalry |
| 22:46 | Crear | Villager (Male) |
| 22:46 | Crear | Villager (Male) |
| 22:47 | Crear | Villager (Male) |
| 22:47 | Crear | Villager (Male) |
| 24:42 | Crear | Villager (Male) |
| 24:42 | Crear | Villager (Male) |
| 24:43 | Crear | Villager (Male) |
| 24:43 | Crear | Villager (Male) |
| 24:43 | Crear | Villager (Male) |
| 24:43 | Crear | Villager (Male) |
| 24:44 | Crear | Villager (Male) |
| 24:44 | Crear | Villager (Male) |
| 24:44 | Crear | Villager (Male) |
| 24:44 | Crear | Villager (Male) |
| 24:49 | Construir | Mill |
| 24:50 | Construir | Farm |
| 24:51 | Construir | Farm |
| 24:51 | Construir | Farm |
| 24:51 | Construir | Farm |
| 24:51 | Construir | Farm |
| 24:52 | Construir | Farm |
| 24:52 | Construir | Farm |
| 24:52 | Construir | Farm |
| 24:53 | Construir | Farm |
| 24:55 | Crear | Villager (Male) |
| 24:55 | Crear | Villager (Male) |
| 24:56 | Crear | Villager (Male) |
| 26:05 | Crear | Villager (Male) |
| 26:05 | Crear | Villager (Male) |
| 26:05 | Crear | Villager (Male) |
| 27:51 | Investigar | Castle Age |
| 27:57 | Investigar | Stone Mining |
| 28:41 | Crear | Villager (Male) |
| 28:42 | Crear | Villager (Male) |
| 28:42 | Crear | Villager (Male) |
| 28:42 | Crear | Villager (Male) |
| 28:42 | Crear | Villager (Male) |
| 29:02 | Investigar | Gold Mining |
| 30:10 | Crear | Scout Cavalry |
| 30:10 | Crear | Scout Cavalry |
| 30:31 | Edad | Edad de los Castillos |
| 30:39 | Investigar | Light Cavalry (upgrade) |
| 31:01 | Construir | Castle |
| 31:13 | Construir | Lumber Camp |
| 31:41 | Construir | Lumber Camp |
| 31:42 | Crear | Villager (Male) |
| 31:43 | Crear | Villager (Male) |
| 31:43 | Crear | Villager (Male) |
| 32:25 | Construir | Mining Camp |
| 33:26 | Construir | Town Center |
| 33:31 | Investigar | Corvinian Army |
| 33:51 | Investigar | Wheelbarrow |
| 33:53 | Crear | Villager (Male) |
| 33:53 | Crear | Villager (Male) |
| 33:54 | Crear | Villager (Male) |
| 33:54 | Crear | Villager (Male) |
| 33:55 | Crear | Villager (Male) |
| 34:05 | Crear | Villager (Male) |
| 34:05 | Crear | Villager (Male) |
| 34:14 | Crear | Magyar Huszar |
| 34:16 | Crear | Magyar Huszar |
| 34:43 | Construir | Monastery |
| 34:50 | Crear | Villager (Male) |
Build order — Tribal4468
Primeras 150 de 205 acciones detectadas
| 0:03 | Crear | Villager (Male) |
| 0:03 | Crear | Villager (Male) |
| 0:04 | Crear | Villager (Male) |
| 0:05 | Construir | House |
| 0:07 | Construir | House |
| 0:08 | Crear | Villager (Male) |
| 1:28 | Crear | Villager (Male) |
| 2:15 | Crear | Villager (Male) |
| 2:30 | Crear | Villager (Male) |
| 2:52 | Construir | Lumber Camp |
| 3:02 | Crear | Villager (Male) |
| 3:49 | Crear | Villager (Male) |
| 3:51 | Crear | Villager (Male) |
| 3:57 | Construir | Mill |
| 4:06 | Crear | Villager (Male) |
| 4:39 | Crear | Villager (Male) |
| 5:04 | Crear | Villager (Male) |
| 5:09 | Investigar | Loom |
| 5:10 | Crear | Villager (Male) |
| 5:20 | Construir | House |
| 5:22 | Construir | House |
| 5:23 | Construir | House |
| 5:32 | Crear | Villager (Male) |
| 6:23 | Crear | Villager (Male) |
| 6:30 | Crear | Villager (Male) |
| 6:38 | Crear | Villager (Male) |
| 6:48 | Crear | Villager (Male) |
| 6:53 | Crear | Villager (Male) |
| 7:15 | Crear | Villager (Male) |
| 7:36 | Crear | Villager (Male) |
| 7:52 | Crear | Villager (Male) |
| 7:53 | Crear | Villager (Male) |
| 8:13 | Crear | Villager (Male) |
| 8:15 | Crear | Villager (Male) |
| 8:29 | Crear | Villager (Male) |
| 8:54 | Crear | Villager (Male) |
| 9:25 | Crear | Villager (Male) |
| 9:37 | Crear | Villager (Male) |
| 10:06 | Investigar | Feudal Age |
| 10:33 | Crear | Villager (Male) |
| 10:43 | Construir | House |
| 10:45 | Construir | House |
| 10:46 | Construir | House |
| 11:40 | Crear | Villager (Male) |
| 11:53 | Construir | Mining Camp |
| 12:00 | Construir | Mining Camp |
| 12:35 | Construir | Market |
| 12:38 | Construir | House |
| 12:55 | Crear | Villager (Male) |
| 13:02 | Construir | Farm |
| 13:17 | Construir | Blacksmith |
| 13:24 | Construir | Stone Wall |
| 13:28 | Construir | Gate |
| 13:29 | Crear | Villager (Male) |
| 13:37 | Crear | Villager (Male) |
| 13:49 | Investigar | Double-Bit Axe |
| 13:54 | Construir | Farm |
| 13:55 | Construir | Farm |
| 14:01 | Construir | Farm |
| 14:02 | Construir | Farm |
| 14:20 | Crear | Villager (Male) |
| 14:38 | Construir | Farm |
| 14:47 | Crear | Villager (Male) |
| 15:03 | Construir | Farm |
| 15:07 | Construir | Farm |
| 15:10 | Construir | Farm |
| 15:16 | Crear | Villager (Male) |
| 15:29 | Construir | Farm |
| 15:42 | Construir | House |
| 15:43 | Construir | House |
| 15:46 | Crear | Villager (Male) |
| 15:56 | Investigar | Castle Age |
| 16:00 | Construir | Farm |
| 16:11 | Construir | House |
| 16:12 | Construir | House |
| 16:13 | Construir | House |
| 16:14 | Construir | House |
| 16:16 | Construir | House |
| 16:17 | Crear | Villager (Male) |
| 16:17 | Crear | Villager (Male) |
| 16:20 | Investigar | Gold Mining |
| 16:40 | Investigar | Stone Mining |
| 17:20 | Crear | Villager (Male) |
| 17:28 | Investigar | Fletching |
| 17:34 | Crear | Villager (Male) |
| 18:14 | Crear | Villager (Male) |
| 18:41 | Construir | University |
| 19:30 | Construir | House |
| 19:35 | Construir | Palisade Wall |
| 19:39 | Crear | Villager (Male) |
| 20:08 | Construir | Castle |
| 20:21 | Construir | House |
| 20:23 | Construir | House |
| 20:24 | Construir | House |
| 20:48 | Crear | Villager (Male) |
| 20:50 | Investigar | Bodkin Arrow |
| 20:56 | Investigar | Treadmill Crane |
| 21:18 | Crear | Villager (Male) |
| 21:34 | Construir | House |
| 21:44 | Construir | House |
| 21:50 | Construir | House |
| 21:52 | Construir | House |
| 21:54 | Construir | House |
| 21:56 | Construir | House |
| 22:08 | Crear | Villager (Male) |
| 22:08 | Crear | Villager (Male) |
| 22:11 | Construir | House |
| 22:12 | Crear | Villager (Male) |
| 22:23 | Construir | Mining Camp |
| 22:47 | Crear | Villager (Male) |
| 22:47 | Crear | Villager (Male) |
| 22:51 | Investigar | Yasama |
| 22:51 | Crear | Villager (Male) |
| 22:55 | Crear | Samurai |
| 22:55 | Crear | Samurai |
| 22:59 | Construir | House |
| 23:00 | Construir | House |
| 23:01 | Crear | Villager (Male) |
| 23:49 | Crear | Samurai |
| 23:55 | Construir | Mining Camp |
| 23:56 | Crear | Villager (Male) |
| 24:16 | Construir | Watch Tower |
| 24:18 | Crear | Villager (Male) |
| 24:22 | Crear | Samurai |
| 24:38 | Crear | Samurai |
| 24:38 | Crear | Samurai |
| 24:42 | Crear | Villager (Male) |
| 24:59 | Construir | Watch Tower |
| 25:00 | Construir | Watch Tower |
| 25:01 | Crear | Villager (Male) |
| 25:18 | Construir | Lumber Camp |
| 25:22 | Crear | Villager (Male) |
| 25:48 | Crear | Villager (Male) |
| 25:49 | Crear | Villager (Male) |
| 26:03 | Crear | Villager (Male) |
| 26:03 | Crear | Villager (Male) |
| 26:11 | Investigar | Ballistics |
| 26:21 | Construir | Farm |
| 26:36 | Construir | Watch Tower |
| 26:42 | Construir | Farm |
| 27:08 | Construir | Watch Tower |
| 27:16 | Crear | Villager (Male) |
| 27:34 | Crear | Samurai |
| 27:35 | Crear | Samurai |
| 27:35 | Crear | Villager (Male) |
| 27:35 | Crear | Villager (Male) |
| 27:43 | Investigar | Guard Tower (upgrade) |
| 27:43 | Crear | Villager (Male) |
| 27:48 | Construir | Mining Camp |
| 28:05 | Investigar | Scale Mail Armor |
Build order — ОлолоШа
142 acciones detectadas en el replay
| 0:03 | Crear | Villager (Male) |
| 0:03 | Crear | Villager (Male) |
| 0:03 | Crear | Villager (Male) |
| 0:03 | Crear | Villager (Male) |
| 0:04 | Crear | Villager (Male) |
| 0:07 | Construir | House |
| 0:10 | Construir | House |
| 1:49 | Crear | Villager (Male) |
| 1:49 | Crear | Villager (Male) |
| 1:50 | Investigar | Loom |
| 2:39 | Crear | Villager (Male) |
| 2:39 | Crear | Villager (Male) |
| 2:39 | Crear | Villager (Male) |
| 2:39 | Crear | Villager (Male) |
| 3:32 | Crear | Villager (Male) |
| 3:33 | Crear | Villager (Male) |
| 3:33 | Crear | Villager (Male) |
| 3:55 | Crear | Villager (Male) |
| 3:55 | Crear | Villager (Male) |
| 4:10 | Construir | House |
| 4:12 | Construir | House |
| 4:35 | Construir | Lumber Camp |
| 4:43 | Crear | Villager (Male) |
| 4:44 | Crear | Villager (Male) |
| 5:19 | Crear | Villager (Male) |
| 5:19 | Crear | Villager (Male) |
| 5:42 | Crear | Villager (Male) |
| 5:42 | Crear | Villager (Male) |
| 6:03 | Crear | Villager (Male) |
| 6:03 | Crear | Villager (Male) |
| 6:03 | Crear | Villager (Male) |
| 6:11 | Construir | Mill |
| 6:34 | Crear | Villager (Male) |
| 6:34 | Crear | Villager (Male) |
| 7:05 | Crear | Villager (Male) |
| 7:05 | Crear | Villager (Male) |
| 7:06 | Crear | Villager (Male) |
| 7:06 | Crear | Villager (Male) |
| 7:38 | Construir | House |
| 7:56 | Crear | Villager (Male) |
| 7:56 | Crear | Villager (Male) |
| 8:25 | Crear | Villager (Male) |
| 8:25 | Crear | Villager (Male) |
| 8:43 | Crear | Villager (Male) |
| 8:43 | Crear | Villager (Male) |
| 9:09 | Crear | Villager (Male) |
| 9:10 | Crear | Villager (Male) |
| 9:53 | Crear | Villager (Male) |
| 9:53 | Crear | Villager (Male) |
| 10:20 | Crear | Villager (Male) |
| 10:29 | Construir | House |
| 10:31 | Construir | House |
| 10:48 | Crear | Villager (Male) |
| 11:02 | Investigar | Feudal Age |
| 11:14 | Construir | Farm |
| 11:16 | Construir | Farm |
| 11:17 | Construir | Farm |
| 11:18 | Construir | Farm |
| 11:20 | Construir | Farm |
| 11:21 | Construir | Farm |
| 11:22 | Construir | Farm |
| 11:24 | Construir | Farm |
| 11:33 | Construir | Barracks |
| 11:35 | Construir | House |
| 12:34 | Construir | Mining Camp |
| 12:43 | Crear | Villager (Male) |
| 12:44 | Crear | Villager (Male) |
| 13:13 | Edad | Edad Feudal |
| 13:16 | Investigar | Double-Bit Axe |
| 13:19 | Investigar | Horse Collar |
| 13:32 | Crear | Villager (Male) |
| 13:40 | Investigar | Gold Mining |
| 14:15 | Construir | Blacksmith |
| 14:21 | Crear | Villager (Male) |
| 14:25 | Construir | House |
| 14:35 | Construir | House |
| 14:43 | Construir | Farm |
| 14:45 | Construir | Farm |
| 14:53 | Construir | Farm |
| 14:56 | Construir | Farm |
| 15:01 | Crear | Villager (Male) |
| 15:01 | Crear | Villager (Male) |
| 15:22 | Construir | Farm |
| 15:24 | Construir | Farm |
| 15:30 | Crear | Villager (Male) |
| 15:53 | Crear | Spearman |
| 15:53 | Crear | Spearman |
| 15:56 | Crear | Spearman |
| 16:27 | Crear | Spearman |
| 16:30 | Crear | Villager (Male) |
| 16:31 | Crear | Villager (Male) |
| 16:34 | Investigar | Forging |
| 17:18 | Crear | Spearman |
| 17:21 | Crear | Villager (Male) |
| 17:59 | Crear | Spearman |
| 17:59 | Crear | Spearman |
| 18:01 | Crear | Villager (Male) |
| 18:01 | Crear | Villager (Male) |
| 18:23 | Construir | Market |
| 18:39 | Construir | House |
| 18:44 | Construir | House |
| 18:53 | Crear | Villager (Male) |
| 18:57 | Crear | Spearman |
| 19:26 | Crear | Spearman |
| 19:31 | Crear | Villager (Male) |
| 19:32 | Crear | Villager (Male) |
| 19:38 | Construir | Farm |
| 19:41 | Construir | Farm |
| 20:11 | Construir | Stone Wall |
| 20:21 | Investigar | Castle Age |
| 21:10 | Crear | Spearman |
| 21:29 | Construir | Mining Camp |
| 21:53 | Construir | House |
| 22:56 | Construir | Stone Wall |
| 23:01 | Edad | Edad de los Castillos |
| 23:02 | Construir | Gate |
| 23:09 | Investigar | Pikeman (upgrade) |
| 23:12 | Crear | Villager (Male) |
| 23:17 | Investigar | Bow Saw |
| 23:20 | Investigar | Heavy Plow |
| 23:40 | Crear | Villager (Male) |
| 23:40 | Crear | Villager (Male) |
| 24:08 | Investigar | Squires |
| 24:42 | Investigar | Iron Casting |
| 24:44 | Crear | Villager (Male) |
| 24:44 | Crear | Villager (Male) |
| 24:44 | Crear | Villager (Male) |
| 25:09 | Construir | Town Center |
| 25:24 | Construir | Farm |
| 26:25 | Construir | Farm |
| 26:28 | Construir | Farm |
| 26:34 | Investigar | Man-at-Arms (upgrade) |
| 26:35 | Investigar | Arson |
| 26:36 | Investigar | Gambesons |
| 26:42 | Crear | Villager (Male) |
| 26:42 | Crear | Villager (Male) |
| 26:43 | Crear | Villager (Male) |
| 26:44 | Crear | Villager (Male) |
| 26:44 | Crear | Villager (Male) |
| 26:45 | Crear | Villager (Male) |
| 28:31 | Investigar | Long Swordsman (upgrade) |
| 28:56 | Construir | Lumber Camp |
Build order — robynifft23
Primeras 150 de 305 acciones detectadas
| 0:02 | Crear | Villager (Male) |
| 0:02 | Crear | Villager (Male) |
| 0:03 | Crear | Villager (Male) |
| 0:03 | Crear | Villager (Male) |
| 0:03 | Crear | Villager (Male) |
| 0:06 | Construir | House |
| 0:38 | Construir | House |
| 1:33 | Crear | Villager (Male) |
| 1:33 | Crear | Villager (Male) |
| 2:30 | Crear | Villager (Male) |
| 3:16 | Crear | Villager (Male) |
| 3:16 | Crear | Villager (Male) |
| 3:41 | Crear | Villager (Male) |
| 3:41 | Crear | Villager (Male) |
| 3:50 | Construir | House |
| 5:13 | Crear | Villager (Male) |
| 5:14 | Crear | Villager (Male) |
| 5:14 | Crear | Villager (Male) |
| 5:14 | Crear | Villager (Male) |
| 5:14 | Crear | Villager (Male) |
| 5:46 | Crear | Villager (Male) |
| 5:46 | Crear | Villager (Male) |
| 5:58 | Crear | Villager (Male) |
| 5:58 | Crear | Villager (Male) |
| 6:38 | Construir | House |
| 7:00 | Crear | Villager (Male) |
| 7:00 | Crear | Villager (Male) |
| 7:42 | Construir | Mill |
| 8:15 | Crear | Villager (Male) |
| 8:15 | Crear | Villager (Male) |
| 8:52 | Crear | Villager (Male) |
| 8:53 | Crear | Villager (Male) |
| 8:59 | Investigar | Loom |
| 9:00 | Investigar | Feudal Age |
| 9:07 | Construir | House |
| 9:09 | Construir | House |
| 10:31 | Construir | Mule Cart |
| 10:52 | Crear | Villager (Male) |
| 10:52 | Crear | Villager (Male) |
| 11:29 | Crear | Villager (Male) |
| 11:34 | Edad | Edad Feudal |
| 11:37 | Construir | Barracks |
| 11:44 | Investigar | Town Watch |
| 11:46 | Crear | Villager (Male) |
| 11:51 | Investigar | Double-Bit Axe |
| 11:54 | Investigar | Gold Mining |
| 12:28 | Construir | Stable |
| 12:29 | Construir | House |
| 12:35 | Crear | Villager (Male) |
| 12:36 | Crear | Villager (Male) |
| 12:40 | Investigar | Horse Collar |
| 12:48 | Crear | Villager (Male) |
| 12:56 | Construir | Stable |
| 13:40 | Construir | House |
| 13:49 | Construir | Palisade Gate |
| 13:50 | Construir | House |
| 13:52 | Construir | House |
| 13:53 | Construir | House |
| 14:04 | Construir | Blacksmith |
| 14:08 | Construir | Palisade Wall |
| 14:17 | Crear | Villager (Male) |
| 14:17 | Crear | Villager (Male) |
| 14:20 | Construir | House |
| 14:27 | Crear | Scout Cavalry |
| 14:27 | Crear | Scout Cavalry |
| 14:27 | Crear | Scout Cavalry |
| 14:29 | Crear | Scout Cavalry |
| 14:49 | Crear | Villager (Male) |
| 15:24 | Investigar | Bloodlines |
| 16:09 | Crear | Villager (Male) |
| 16:10 | Crear | Villager (Male) |
| 16:21 | Investigar | Forging |
| 16:39 | Crear | Villager (Male) |
| 16:40 | Crear | Villager (Male) |
| 17:06 | Crear | Villager (Male) |
| 17:07 | Crear | Villager (Male) |
| 17:10 | Construir | Farm |
| 17:15 | Construir | Mule Cart |
| 17:26 | Construir | Farm |
| 17:26 | Construir | Farm |
| 17:26 | Construir | Farm |
| 17:27 | Construir | Farm |
| 17:27 | Construir | Farm |
| 17:27 | Construir | Farm |
| 17:28 | Construir | Farm |
| 17:28 | Construir | Farm |
| 17:28 | Construir | Farm |
| 17:54 | Crear | Scout Cavalry |
| 17:54 | Crear | Scout Cavalry |
| 18:15 | Construir | House |
| 18:16 | Construir | House |
| 18:19 | Construir | House |
| 18:26 | Construir | Palisade Wall |
| 18:28 | Construir | Palisade Gate |
| 18:39 | Construir | Market |
| 18:50 | Construir | Palisade Wall |
| 18:54 | Construir | Palisade Gate |
| 18:56 | Crear | Villager (Male) |
| 18:56 | Crear | Villager (Male) |
| 18:56 | Crear | Villager (Male) |
| 19:33 | Crear | Villager (Male) |
| 19:34 | Crear | Villager (Male) |
| 19:42 | Construir | Farm |
| 19:44 | Construir | Farm |
| 19:51 | Construir | Palisade Wall |
| 19:53 | Construir | Palisade Gate |
| 20:23 | Investigar | Scale Barding Armor |
| 20:25 | Crear | Villager (Male) |
| 20:25 | Crear | Villager (Male) |
| 20:33 | Construir | Farm |
| 20:33 | Construir | Farm |
| 20:34 | Construir | Farm |
| 20:34 | Construir | Farm |
| 20:35 | Construir | Farm |
| 20:36 | Construir | Farm |
| 20:36 | Construir | Farm |
| 20:36 | Construir | Farm |
| 20:37 | Construir | Farm |
| 20:37 | Construir | Farm |
| 20:37 | Construir | Farm |
| 20:38 | Construir | Farm |
| 20:38 | Construir | Farm |
| 20:43 | Construir | Farm |
| 20:56 | Construir | House |
| 20:56 | Construir | House |
| 20:58 | Construir | House |
| 21:02 | Construir | House |
| 21:07 | Construir | House |
| 21:09 | Construir | Mule Cart |
| 21:17 | Construir | House |
| 21:54 | Crear | Villager (Male) |
| 21:54 | Crear | Villager (Male) |
| 22:04 | Construir | Mill |
| 22:05 | Construir | Farm |
| 22:05 | Construir | Farm |
| 22:05 | Construir | Farm |
| 22:06 | Construir | Farm |
| 22:06 | Construir | Farm |
| 22:06 | Construir | Farm |
| 22:07 | Construir | Farm |
| 22:07 | Construir | Farm |
| 22:07 | Construir | Farm |
| 22:29 | Crear | Villager (Male) |
| 22:29 | Crear | Villager (Male) |
| 22:30 | Crear | Villager (Male) |
| 22:31 | Investigar | Wheelbarrow |
| 23:14 | Construir | Farm |
| 23:22 | Construir | Stable |
| 23:36 | Investigar | Castle Age |
| 24:31 | Crear | Villager (Male) |
Build order — Nazkort88
131 acciones detectadas en el replay
| 0:04 | Crear | Villager (Male) |
| 0:05 | Crear | Villager (Male) |
| 0:05 | Crear | Villager (Male) |
| 0:05 | Crear | Villager (Male) |
| 0:09 | Construir | House |
| 0:10 | Construir | House |
| 0:12 | Construir | House |
| 1:42 | Construir | Mill |
| 2:05 | Crear | Villager (Male) |
| 2:05 | Crear | Villager (Male) |
| 2:30 | Investigar | Loom |
| 2:52 | Crear | Villager (Male) |
| 2:52 | Crear | Villager (Male) |
| 3:20 | Crear | Villager (Male) |
| 4:00 | Construir | House |
| 4:01 | Construir | House |
| 4:04 | Construir | House |
| 4:07 | Crear | Villager (Male) |
| 4:07 | Crear | Villager (Male) |
| 4:21 | Crear | Villager (Male) |
| 4:46 | Crear | Villager (Male) |
| 4:49 | Crear | Villager (Male) |
| 4:49 | Crear | Villager (Male) |
| 5:31 | Crear | Villager (Male) |
| 5:31 | Crear | Villager (Male) |
| 5:32 | Crear | Villager (Male) |
| 5:43 | Construir | House |
| 5:45 | Construir | House |
| 5:47 | Construir | House |
| 5:49 | Construir | House |
| 5:51 | Construir | House |
| 6:39 | Crear | Villager (Male) |
| 6:39 | Crear | Villager (Male) |
| 6:39 | Crear | Villager (Male) |
| 6:40 | Crear | Villager (Male) |
| 6:40 | Crear | Villager (Male) |
| 7:09 | Crear | Villager (Male) |
| 7:09 | Crear | Villager (Male) |
| 7:15 | Crear | Villager (Male) |
| 8:06 | Crear | Villager (Male) |
| 8:06 | Crear | Villager (Male) |
| 8:07 | Crear | Villager (Male) |
| 8:07 | Crear | Villager (Male) |
| 9:06 | Crear | Villager (Male) |
| 9:16 | Crear | Villager (Male) |
| 9:17 | Crear | Villager (Male) |
| 9:17 | Crear | Villager (Male) |
| 10:07 | Crear | Villager (Male) |
| 10:07 | Crear | Villager (Male) |
| 10:53 | Construir | Lumber Camp |
| 11:00 | Crear | Villager (Male) |
| 11:37 | Investigar | Feudal Age |
| 12:20 | Construir | Farm |
| 12:46 | Construir | House |
| 12:48 | Construir | House |
| 13:49 | Edad | Edad Feudal |
| 13:51 | Construir | Barracks |
| 13:55 | Crear | Villager (Male) |
| 13:55 | Crear | Villager (Male) |
| 13:55 | Crear | Villager (Male) |
| 13:55 | Crear | Villager (Male) |
| 13:56 | Crear | Villager (Male) |
| 13:56 | Crear | Villager (Male) |
| 14:01 | Investigar | Double-Bit Axe |
| 14:16 | Construir | Blacksmith |
| 14:34 | Construir | Farm |
| 15:11 | Construir | Farm |
| 15:15 | Construir | Farm |
| 15:21 | Construir | House |
| 15:22 | Construir | House |
| 15:24 | Construir | House |
| 15:26 | Construir | House |
| 15:28 | Construir | House |
| 15:30 | Construir | House |
| 15:32 | Construir | House |
| 15:34 | Construir | House |
| 15:36 | Construir | House |
| 15:39 | Construir | House |
| 15:50 | Construir | Farm |
| 15:58 | Crear | Spearman |
| 15:58 | Crear | Spearman |
| 15:59 | Crear | Spearman |
| 16:00 | Crear | Spearman |
| 16:35 | Crear | Spearman |
| 17:08 | Crear | Spearman |
| 17:10 | Crear | Spearman |
| 17:31 | Crear | Villager (Male) |
| 17:32 | Crear | Villager (Male) |
| 17:32 | Crear | Villager (Male) |
| 17:41 | Construir | Market |
| 17:51 | Crear | Spearman |
| 17:52 | Crear | Spearman |
| 17:53 | Crear | Spearman |
| 18:11 | Crear | Spearman |
| 18:25 | Construir | Mining Camp |
| 18:36 | Construir | House |
| 18:38 | Construir | House |
| 18:39 | Construir | House |
| 18:46 | Construir | Farm |
| 18:52 | Construir | Farm |
| 19:12 | Construir | Farm |
| 19:18 | Construir | Farm |
| 21:34 | Crear | Spearman |
| 21:35 | Crear | Spearman |
| 21:35 | Crear | Spearman |
| 21:44 | Investigar | Castle Age |
| 22:54 | Crear | Spearman |
| 22:54 | Crear | Spearman |
| 22:55 | Crear | Spearman |
| 22:56 | Crear | Spearman |
| 23:07 | Construir | Farm |
| 23:14 | Crear | Spearman |
| 23:27 | Construir | House |
| 23:28 | Construir | House |
| 23:30 | Construir | House |
| 23:32 | Construir | House |
| 23:48 | Construir | Mining Camp |
| 24:02 | Investigar | Horse Collar |
| 24:24 | Edad | Edad de los Castillos |
| 24:45 | Crear | Villager (Male) |
| 24:46 | Crear | Villager (Male) |
| 24:46 | Crear | Villager (Male) |
| 24:46 | Crear | Villager (Male) |
| 24:46 | Crear | Villager (Male) |
| 24:46 | Crear | Villager (Male) |
| 24:47 | Crear | Villager (Male) |
| 24:47 | Crear | Villager (Male) |
| 24:58 | Investigar | Pikeman (upgrade) |
| 26:57 | Construir | Farm |
| 27:48 | Construir | Castle |
| 29:20 | Construir | Lumber Camp |
Build order — 3309723283
Primeras 150 de 266 acciones detectadas
| 0:06 | Construir | House |
| 0:09 | Construir | House |
| 0:10 | Crear | Villager (Male) |
| 0:10 | Crear | Villager (Male) |
| 0:11 | Crear | Villager (Male) |
| 0:11 | Crear | Villager (Male) |
| 0:11 | Crear | Villager (Male) |
| 2:33 | Crear | Villager (Male) |
| 2:33 | Crear | Villager (Male) |
| 2:33 | Crear | Villager (Male) |
| 2:34 | Crear | Villager (Male) |
| 3:37 | Crear | Villager (Male) |
| 4:00 | Crear | Villager (Male) |
| 4:00 | Crear | Villager (Male) |
| 5:24 | Crear | Villager (Male) |
| 5:24 | Crear | Villager (Male) |
| 5:25 | Crear | Villager (Male) |
| 5:25 | Crear | Villager (Male) |
| 5:30 | Construir | House |
| 6:26 | Construir | Mill |
| 6:30 | Crear | Villager (Male) |
| 6:32 | Crear | Villager (Male) |
| 7:15 | Crear | Villager (Male) |
| 7:27 | Crear | Villager (Male) |
| 7:28 | Crear | Villager (Male) |
| 7:31 | Construir | House |
| 8:56 | Construir | Lumber Camp |
| 9:08 | Crear | Villager (Male) |
| 9:08 | Crear | Villager (Male) |
| 9:49 | Crear | Villager (Male) |
| 10:04 | Investigar | Feudal Age |
| 11:58 | Crear | Villager (Male) |
| 11:59 | Crear | Villager (Male) |
| 12:12 | Construir | Mining Camp |
| 12:32 | Construir | House |
| 12:33 | Edad | Edad Feudal |
| 12:55 | Crear | Villager (Male) |
| 13:18 | Crear | Villager (Male) |
| 13:27 | Investigar | Double-Bit Axe |
| 13:53 | Crear | Villager (Male) |
| 14:07 | Construir | Farm |
| 14:08 | Construir | Farm |
| 14:10 | Construir | Farm |
| 14:19 | Investigar | Horse Collar |
| 14:23 | Construir | Farm |
| 14:25 | Construir | Farm |
| 14:26 | Construir | Farm |
| 14:28 | Construir | Farm |
| 14:32 | Crear | Villager (Male) |
| 14:37 | Construir | House |
| 15:04 | Crear | Villager (Male) |
| 15:32 | Construir | Farm |
| 15:34 | Construir | Farm |
| 15:35 | Construir | Farm |
| 15:37 | Construir | Farm |
| 15:38 | Construir | Farm |
| 15:42 | Construir | Farm |
| 15:53 | Crear | Villager (Male) |
| 15:55 | Crear | Villager (Male) |
| 16:10 | Construir | Farm |
| 16:35 | Construir | House |
| 16:37 | Construir | House |
| 17:07 | Construir | House |
| 17:16 | Construir | Lumber Camp |
| 18:07 | Construir | Market |
| 18:18 | Crear | Villager (Male) |
| 18:19 | Crear | Villager (Male) |
| 18:33 | Construir | Blacksmith |
| 18:48 | Investigar | Gold Mining |
| 18:50 | Crear | Villager (Male) |
| 20:01 | Crear | Villager (Male) |
| 20:02 | Investigar | Castle Age |
| 20:43 | Construir | Outpost |
| 21:10 | Construir | House |
| 21:12 | Construir | House |
| 21:17 | Construir | House |
| 21:38 | Construir | Mining Camp |
| 22:18 | Construir | Mining Camp |
| 23:06 | Edad | Edad de los Castillos |
| 23:08 | Construir | Monastery |
| 23:25 | Crear | Villager (Male) |
| 23:26 | Crear | Villager (Male) |
| 23:36 | Construir | University |
| 23:53 | Investigar | Bow Saw |
| 23:59 | Investigar | Stone Mining |
| 24:03 | Investigar | Gold Shaft Mining |
| 24:16 | Construir | Mining Camp |
| 24:24 | Construir | House |
| 24:29 | Construir | House |
| 24:45 | Crear | Villager (Male) |
| 25:03 | Investigar | Imperial Age |
| 25:15 | Construir | House |
| 25:16 | Construir | House |
| 25:35 | Investigar | Stone Shaft Mining |
| 25:42 | Construir | Town Center |
| 26:02 | Construir | Town Center |
| 26:27 | Construir | Town Center |
| 26:55 | Investigar | Wheelbarrow |
| 27:15 | Construir | Town Center |
| 27:33 | Crear | Villager (Male) |
| 27:33 | Crear | Villager (Male) |
| 27:33 | Crear | Villager (Male) |
| 27:34 | Crear | Villager (Male) |
| 27:44 | Investigar | Heavy Plow |
| 27:49 | Investigar | Loom |
| 27:51 | Investigar | Town Watch |
| 28:20 | Edad | Edad Imperial |
| 28:24 | Construir | Barracks |
| 28:30 | Crear | Villager (Male) |
| 28:30 | Crear | Villager (Male) |
| 28:30 | Crear | Villager (Male) |
| 28:30 | Crear | Villager (Male) |
| 28:31 | Crear | Villager (Male) |
| 28:31 | Crear | Villager (Male) |
| 28:32 | Crear | Villager (Male) |
| 28:32 | Crear | Villager (Male) |
| 28:33 | Crear | Villager (Male) |
| 28:33 | Crear | Villager (Male) |
| 28:49 | Crear | Monk |
| 28:54 | Investigar | Fletching |
| 29:02 | Construir | Farm |
| 29:04 | Construir | Farm |
| 29:06 | Construir | House |
| 29:13 | Construir | Farm |
| 29:15 | Construir | Farm |
| 29:16 | Construir | Farm |
| 29:25 | Construir | Farm |
| 29:27 | Construir | Farm |
| 29:50 | Crear | Villager (Male) |
| 29:50 | Crear | Villager (Male) |
| 29:52 | Crear | Villager (Male) |
| 29:53 | Crear | Villager (Male) |
| 29:53 | Crear | Villager (Male) |
| 29:54 | Crear | Villager (Male) |
| 30:18 | Crear | Villager (Male) |
| 30:18 | Crear | Villager (Male) |
| 30:19 | Crear | Villager (Male) |
| 30:19 | Crear | Villager (Male) |
| 30:24 | Construir | Farm |
| 30:25 | Construir | Farm |
| 30:29 | Construir | Farm |
| 30:32 | Construir | Farm |
| 30:54 | Construir | Archery Range |
| 31:01 | Crear | Villager (Male) |
| 31:01 | Crear | Villager (Male) |
| 31:01 | Crear | Villager (Male) |
| 31:02 | Crear | Villager (Male) |
| 31:02 | Crear | Villager (Male) |
| 31:03 | Crear | Villager (Male) |
| 31:03 | Crear | Villager (Male) |
Build order — rv446799
67 acciones detectadas en el replay
| 0:20 | Construir | House |
| 0:22 | Construir | House |
| 0:37 | Crear | Villager (Male) |
| 0:38 | Crear | Villager (Male) |
| 0:38 | Crear | Villager (Male) |
| 2:33 | Crear | Villager (Male) |
| 2:34 | Crear | Villager (Male) |
| 2:34 | Crear | Villager (Male) |
| 2:54 | Crear | Villager (Male) |
| 2:55 | Crear | Villager (Male) |
| 3:44 | Construir | Lumber Camp |
| 3:49 | Crear | Villager (Male) |
| 3:50 | Crear | Villager (Male) |
| 4:36 | Crear | Villager (Male) |
| 4:36 | Crear | Villager (Male) |
| 5:10 | Construir | House |
| 5:48 | Crear | Villager (Male) |
| 6:29 | Construir | Mill |
| 7:26 | Crear | Villager (Male) |
| 7:27 | Crear | Villager (Male) |
| 8:07 | Crear | Villager (Male) |
| 8:08 | Crear | Villager (Male) |
| 9:47 | Crear | Villager (Male) |
| 9:47 | Crear | Villager (Male) |
| 9:47 | Crear | Villager (Male) |
| 9:47 | Crear | Villager (Male) |
| 11:40 | Construir | Mill |
| 11:46 | Construir | House |
| 13:48 | Crear | Villager (Male) |
| 13:48 | Crear | Villager (Male) |
| 13:49 | Crear | Villager (Male) |
| 14:27 | Crear | Villager (Male) |
| 14:27 | Crear | Villager (Male) |
| 14:28 | Crear | Villager (Male) |
| 15:01 | Crear | Villager (Male) |
| 15:01 | Crear | Villager (Male) |
| 15:01 | Crear | Villager (Male) |
| 15:02 | Crear | Villager (Male) |
| 15:03 | Crear | Villager (Male) |
| 15:03 | Crear | Villager (Male) |
| 18:22 | Investigar | Feudal Age |
| 18:25 | Investigar | Loom |
| 18:26 | Crear | Villager (Male) |
| 18:26 | Crear | Villager (Male) |
| 18:36 | Construir | House |
| 18:44 | Construir | House |
| 19:25 | Construir | House |
| 19:33 | Construir | Barracks |
| 20:33 | Edad | Edad Feudal |
| 20:53 | Construir | Farm |
| 21:01 | Construir | Farm |
| 21:06 | Construir | Farm |
| 21:09 | Crear | Villager (Male) |
| 21:10 | Crear | Villager (Male) |
| 21:10 | Crear | Villager (Male) |
| 21:10 | Crear | Villager (Male) |
| 21:42 | Construir | Mining Camp |
| 22:21 | Construir | Mining Camp |
| 23:38 | Crear | Villager (Male) |
| 23:38 | Crear | Villager (Male) |
| 23:38 | Crear | Villager (Male) |
| 23:39 | Crear | Villager (Male) |
| 25:36 | Construir | Lumber Camp |
| 31:29 | Construir | Stone Wall |
| 31:38 | Construir | Stone Wall |
| 32:00 | Construir | Town Center |
| 34:22 | Construir | Town Center |
Build order — 2535841191
11 acciones detectadas en el replay
| 0:25 | Construir | Mining Camp |
| 2:01 | Crear | Villager (Male) |
| 2:58 | Construir | Mill |
| 4:39 | Construir | Farm |
| 7:15 | Investigar | Feudal Age |
| 8:42 | Construir | House |
| 9:18 | Edad | Edad Feudal |
| 9:20 | Crear | Villager (Male) |
| 9:22 | Crear | Villager (Male) |
| 12:14 | Crear | Villager (Male) |
| 12:16 | Crear | Villager (Male) |
Cronología de la partida
| 8:46 | hexing809 · first_building Barracks |
| 9:18 | 2535841191 · age_up feudal |
| 10:04 | hexing809 · wall_segment Palisade Wall x20 |
| 10:22 | hexing809 · wall_segment Palisade Wall x10 |
| 11:33 | ОлолоШа · first_building Barracks |
| 11:34 | robynifft23 · age_up feudal |
| 11:37 | robynifft23 · first_building Barracks |
| 11:37 | hexing809 · age_up feudal |
| 11:50 | hexing809 · first_building Stable |
| 12:28 | robynifft23 · first_building Stable |
| 12:33 | 3309723283 · age_up feudal |
| 13:13 | ОлолоШа · age_up feudal |
| 13:24 | Tribal4468 · wall_segment Stone Wall x6 |
| 13:49 | Nazkort88 · age_up feudal |
| 13:51 | Nazkort88 · first_building Barracks |
| 14:08 | robynifft23 · wall_segment Palisade Wall x1 |
| 15:22 | Tribal4468 · first_market_sell 100 wood |
| 15:23 | Tribal4468 · first_market_buy 100 food |
| 15:44 | 2535841191 · resign |
| 18:26 | robynifft23 · wall_segment Palisade Wall x9 |
| 18:50 | robynifft23 · wall_segment Palisade Wall x10 |
| 19:33 | rv446799 · first_building Barracks |
| 19:35 | Tribal4468 · wall_segment Palisade Wall x1 |
| 19:51 | robynifft23 · wall_segment Palisade Wall x14 |
| 20:08 | Tribal4468 · first_building Castle |
| 20:11 | ОлолоШа · wall_segment Stone Wall x11 |
| 20:33 | rv446799 · age_up feudal |
| 21:41 | Nazkort88 · first_market_sell 100 wood |
| 22:56 | ОлолоШа · wall_segment Stone Wall x17 |
| 23:01 | ОлолоШа · age_up castle |
| 23:06 | 3309723283 · age_up castle |
| 23:08 | 3309723283 · first_building Monastery |
| 24:24 | Nazkort88 · age_up castle |
| 24:48 | robynifft23 · first_building Archery Range |
| 26:18 | robynifft23 · age_up castle |
| 26:23 | 3309723283 · first_market_buy 100 stone |
| 26:27 | Nazkort88 · first_market_buy 100 stone |
| 27:48 | Nazkort88 · first_building Castle |
| 28:20 | 3309723283 · age_up imperial |
| 28:24 | 3309723283 · first_building Barracks |
| 28:48 | robynifft23 · first_market_sell 100 wood |
| 28:50 | robynifft23 · first_market_buy 100 stone |
| 29:27 | robynifft23 · first_building Castle |
| 30:31 | hexing809 · age_up castle |
| 30:54 | 3309723283 · first_building Archery Range |
| 31:01 | hexing809 · first_building Castle |
| 31:29 | rv446799 · wall_segment Stone Wall x3 |
| 31:38 | rv446799 · wall_segment Stone Wall x2 |
| 32:36 | 3309723283 · first_building Castle |
| 34:43 | hexing809 · first_building Monastery |
| 35:44 | Tribal4468 · wall_segment Palisade Wall x1 |
| 38:31 | robynifft23 · age_up imperial |
[ ANÁLISIS IA · 1 CRÉDITO ]
¿Qué pasó realmente en esta partida?
Wolo.gg analiza cada decisión: build order, eco, micro, errores típicos por bracket. Análisis personalizado por WhatsApp o Discord en 30 segundos.
Guía civ
Magiares
Perfil
Jugador #21938570